[ AOE2 MATCH · #513667309 ]
UnrankedMaya vs Huns
Player's team · LOSS
Rival team · WIN
[ REPLAY ANALYSIS · EXTRACTED FROM THE RECORDED GAME ]
Feudal
13:58
Castle
19:50
Imperial
32:58
| APM avg | 36.8 |
| APM peak | 69 |
| eAPM avg | 23.4 |
| Villagers / military | 112 / 68 |
Focus
⚔️ 34.8% · 🌾 65.2%
Spearman ×37 · Fishing Ship ×22 · Scorpion ×11 · Monk ×7 · Trebuchet (Packed) ×5 · Battering Ram ×4
Feudal
11:28
Castle
24:59
Imperial
41:23
| APM avg | 44.2 |
| APM peak | 88 |
| eAPM avg | 20.9 |
| Villagers / military | 159 / 133 |
Focus
⚔️ 36.7% · 🌾 63.3%
Militia ×34 · Cavalry Archer ×29 · Tarkan ×18 · Scout Cavalry ×18 · Knight ×15 · Battering Ram ×9
Match map
Initial resources + every placement click. Lines = walls · curves = elevation contours. ◆ gold · ⬟ stone · ● berries · ✦ relic · ◌ wall gap
Your base· Open — 6t gap
Saga's base· Open — unwalled flank
Smoothed initial terrain · ◌ = detected wall gap · hover for details
Inputs per minute
— CaptainMorgan - - Saga
Build order — CaptainMorgan
First 150 of 329 actions detected
| 0:07 | Build | Town Center |
| 0:17 | Build | Dock |
| 0:18 | Build | House |
| 0:44 | Build | House |
| 2:21 | Queue | Villager (Male) |
| 2:21 | Queue | Villager (Male) |
| 2:21 | Queue | Villager (Male) |
| 3:16 | Queue | Fishing Ship |
| 3:21 | Queue | Villager (Male) |
| 3:38 | Build | House |
| 3:55 | Research | Loom |
| 4:43 | Queue | Villager (Male) |
| 4:43 | Queue | Villager (Male) |
| 4:44 | Queue | Fishing Ship |
| 4:51 | Build | House |
| 5:24 | Queue | Villager (Male) |
| 5:24 | Queue | Villager (Male) |
| 5:46 | Queue | Villager (Male) |
| 5:48 | Queue | Fishing Ship |
| 6:13 | Queue | Villager (Male) |
| 6:13 | Queue | Villager (Male) |
| 6:17 | Build | House |
| 6:31 | Queue | Villager (Male) |
| 6:31 | Queue | Villager (Male) |
| 6:44 | Build | House |
| 6:50 | Queue | Villager (Male) |
| 6:50 | Queue | Villager (Male) |
| 7:13 | Queue | Villager (Male) |
| 7:16 | Queue | Fishing Ship |
| 7:28 | Build | House |
| 7:40 | Build | House |
| 7:43 | Queue | Villager (Male) |
| 7:44 | Queue | Villager (Male) |
| 7:55 | Queue | Villager (Male) |
| 8:01 | Queue | Villager (Male) |
| 8:12 | Queue | Fishing Ship |
| 8:45 | Queue | Fishing Ship |
| 8:56 | Queue | Villager (Male) |
| 9:33 | Build | Mill |
| 9:39 | Queue | Villager (Male) |
| 9:45 | Build | House |
| 9:58 | Queue | Villager (Male) |
| 10:15 | Build | Mining Camp |
| 10:34 | Queue | Villager (Male) |
| 10:58 | Build | House |
| 11:05 | Queue | Villager (Male) |
| 11:19 | Build | Palisade Wall |
| 11:25 | Build | Dock |
| 11:40 | Research | Feudal Age |
| 11:53 | Build | Palisade Wall |
| 11:56 | Build | Palisade Wall |
| 12:11 | Build | House |
| 12:19 | Build | Palisade Wall |
| 12:30 | Build | Palisade Wall |
| 12:46 | Build | Barracks |
| 12:48 | Queue | Villager (Male) |
| 13:49 | Queue | Villager (Male) |
| 13:58 | Age | Feudal Age |
| 14:04 | Build | Archery Range |
| 14:16 | Build | Mining Camp |
| 14:28 | Build | Palisade Wall |
| 14:57 | Queue | Villager (Male) |
| 15:09 | Queue | Spearman |
| 15:43 | Queue | Villager (Male) |
| 16:32 | Build | Market |
| 16:37 | Queue | Spearman |
| 16:41 | Queue | Villager (Male) |
| 16:54 | Build | Palisade Wall |
| 16:56 | Build | Palisade Wall |
| 17:04 | Build | House |
| 17:08 | Build | Palisade Wall |
| 17:11 | Research | Castle Age |
| 17:25 | Build | Dock |
| 17:44 | Build | Palisade Wall |
| 17:45 | Build | Palisade Wall |
| 17:50 | Research | Fishing Lines |
| 17:50 | Queue | Fishing Ship |
| 17:50 | Queue | Fishing Ship |
| 19:02 | Queue | Spearman |
| 19:08 | Build | House |
| 19:27 | Queue | Fishing Ship |
| 19:27 | Queue | Fishing Ship |
| 19:50 | Age | Castle Age |
| 19:58 | Build | Town Center |
| 20:12 | Queue | Archer |
| 20:56 | Queue | Villager (Male) |
| 20:56 | Queue | Villager (Male) |
| 21:16 | Queue | Villager (Male) |
| 21:17 | Queue | Villager (Male) |
| 21:43 | Build | House |
| 21:46 | Build | Palisade Wall |
| 21:54 | Queue | Villager (Male) |
| 21:54 | Queue | Villager (Male) |
| 21:56 | Queue | Villager (Male) |
| 22:08 | Queue | Villager (Male) |
| 22:13 | Queue | Villager (Male) |
| 22:16 | Queue | Villager (Male) |
| 22:19 | Build | House |
| 22:22 | Build | House |
| 22:26 | Build | Monastery |
| 22:28 | Queue | Villager (Male) |
| 22:33 | Build | Town Center |
| 22:43 | Queue | Villager (Male) |
| 22:59 | Queue | Villager (Male) |
| 23:12 | Build | Outpost |
| 23:14 | Queue | Monk |
| 23:19 | Build | Outpost |
| 23:31 | Queue | Villager (Male) |
| 23:46 | Build | Palisade Gate |
| 23:51 | Build | Palisade Wall |
| 24:16 | Build | Mining Camp |
| 24:16 | Queue | Villager (Male) |
| 24:26 | Queue | Villager (Male) |
| 24:26 | Queue | Villager (Male) |
| 24:42 | Queue | Villager (Male) |
| 24:46 | Build | House |
| 25:09 | Queue | Villager (Male) |
| 25:12 | Queue | Villager (Male) |
| 25:18 | Build | House |
| 25:21 | Research | Gold Mining |
| 25:22 | Research | Stone Mining |
| 25:24 | Build | Dock |
| 25:36 | Queue | Fishing Ship |
| 25:36 | Queue | Fishing Ship |
| 25:38 | Research | Gillnets |
| 25:38 | Queue | Villager (Male) |
| 26:17 | Build | Castle |
| 26:22 | Queue | Villager (Male) |
| 26:29 | Build | Palisade Wall |
| 26:31 | Build | Blacksmith |
| 26:35 | Queue | Villager (Male) |
| 26:43 | Queue | Monk |
| 26:51 | Queue | Monk |
| 27:15 | Build | Monastery |
| 27:16 | Queue | Monk |
| 27:27 | Build | House |
| 27:30 | Build | House |
| 27:31 | Build | Palisade Wall |
| 27:32 | Build | Palisade Wall |
| 27:35 | Build | Palisade Wall |
| 27:47 | Queue | Villager (Male) |
| 27:51 | Build | House |
| 27:53 | Build | House |
| 27:55 | Build | Palisade Wall |
| 27:57 | Build | House |
| 27:59 | Build | House |
| 28:01 | Build | House |
| 28:11 | Research | Sanctity |
| 28:15 | Queue | Villager (Male) |
| 28:21 | Queue | Fishing Ship |
Build order — Saga
First 150 of 416 actions detected
| 0:24 | Build | Town Center |
| 2:31 | Queue | Villager (Male) |
| 2:31 | Queue | Villager (Male) |
| 2:42 | Queue | Villager (Male) |
| 2:43 | Queue | Villager (Male) |
| 2:43 | Queue | Villager (Male) |
| 4:07 | Queue | Villager (Male) |
| 4:33 | Research | Loom |
| 4:39 | Queue | Villager (Male) |
| 5:08 | Queue | Villager (Male) |
| 5:13 | Build | Lumber Camp |
| 5:42 | Queue | Villager (Male) |
| 6:11 | Queue | Villager (Male) |
| 6:28 | Queue | Villager (Male) |
| 6:28 | Queue | Villager (Male) |
| 7:09 | Queue | Villager (Male) |
| 7:24 | Queue | Villager (Male) |
| 7:25 | Queue | Villager (Male) |
| 8:10 | Build | Mill |
| 8:25 | Queue | Villager (Male) |
| 9:18 | Research | Feudal Age |
| 10:03 | Build | Barracks |
| 11:03 | Queue | Villager (Male) |
| 11:28 | Age | Feudal Age |
| 11:31 | Build | Stable |
| 11:33 | Queue | Villager (Male) ×5 |
| 11:41 | Queue | Spearman |
| 11:41 | Queue | Spearman |
| 11:54 | Queue | Villager (Male) |
| 12:27 | Queue | Scout Cavalry |
| 12:42 | Queue | Villager (Male) |
| 12:45 | Queue | Scout Cavalry |
| 12:45 | Queue | Scout Cavalry |
| 13:07 | Build | Watch Tower |
| 13:14 | Queue | Spearman |
| 13:16 | Queue | Scout Cavalry |
| 13:18 | Build | Palisade Wall |
| 13:20 | Build | Palisade Wall |
| 13:22 | Build | Palisade Wall |
| 13:28 | Build | Palisade Wall |
| 13:37 | Queue | Scout Cavalry |
| 13:41 | Build | Palisade Wall |
| 13:43 | Build | Palisade Wall |
| 13:47 | Queue | Villager (Male) |
| 13:53 | Queue | Villager (Male) |
| 14:37 | Queue | Villager (Male) |
| 14:53 | Build | Palisade Wall |
| 14:57 | Queue | Villager (Male) |
| 15:24 | Build | Mill |
| 15:37 | Queue | Villager (Male) |
| 15:42 | Build | Blacksmith |
| 15:44 | Queue | Villager (Male) |
| 16:19 | Research | Fletching |
| 16:32 | Queue | Villager (Male) |
| 16:33 | Queue | Villager (Male) |
| 16:58 | Queue | Villager (Male) |
| 17:09 | Build | Farm |
| 17:09 | Build | Farm |
| 17:10 | Build | Farm |
| 17:10 | Build | Farm |
| 17:10 | Build | Farm |
| 17:43 | Build | Farm |
| 17:43 | Build | Farm |
| 17:44 | Build | Farm |
| 17:44 | Build | Farm |
| 17:52 | Queue | Villager (Male) |
| 17:53 | Queue | Villager (Male) |
| 18:28 | Build | Watch Tower |
| 18:32 | Build | Palisade Wall |
| 18:36 | Build | Palisade Wall |
| 18:40 | Build | Palisade Wall |
| 18:45 | Queue | Villager (Male) |
| 18:45 | Queue | Villager (Male) |
| 18:47 | Queue | Villager (Male) |
| 18:48 | Queue | Villager (Male) |
| 18:57 | Build | Mining Camp |
| 19:02 | Build | Palisade Wall |
| 19:04 | Build | Palisade Wall |
| 19:10 | Research | Town Watch |
| 19:23 | Build | Watch Tower |
| 19:31 | Queue | Villager (Male) |
| 19:31 | Queue | Villager (Male) |
| 19:38 | Build | Farm |
| 19:39 | Build | Farm |
| 19:39 | Build | Farm |
| 19:39 | Build | Farm |
| 19:55 | Build | Palisade Wall |
| 19:57 | Build | Palisade Wall |
| 20:02 | Build | Palisade Wall |
| 20:06 | Build | Palisade Wall |
| 20:19 | Queue | Villager (Male) |
| 20:44 | Build | Farm |
| 20:54 | Queue | Villager (Male) |
| 21:14 | Queue | Villager (Male) |
| 22:19 | Research | Castle Age |
| 22:55 | Build | Stone Wall |
| 23:00 | Build | Stone Wall |
| 23:04 | Build | Stone Wall |
| 23:42 | Build | Market |
| 24:01 | Research | Double-Bit Axe |
| 24:02 | Research | Horse Collar |
| 24:20 | Queue | Villager (Male) |
| 24:20 | Queue | Villager (Male) |
| 24:31 | Build | Farm |
| 24:31 | Build | Farm |
| 24:31 | Build | Farm |
| 24:32 | Build | Farm |
| 24:59 | Age | Castle Age |
| 25:07 | Build | Castle |
| 25:09 | Queue | Knight |
| 25:09 | Queue | Knight |
| 25:13 | Queue | Scout Cavalry |
| 25:13 | Queue | Scout Cavalry |
| 25:14 | Queue | Knight |
| 25:17 | Queue | Villager (Male) |
| 25:25 | Queue | Villager (Male) |
| 25:29 | Research | Scale Barding Armor |
| 25:39 | Build | Siege Workshop |
| 25:49 | Research | Bloodlines |
| 25:58 | Queue | Knight |
| 26:04 | Queue | Villager (Male) |
| 26:06 | Queue | Tarkan |
| 26:11 | Queue | Villager (Male) |
| 26:22 | Build | Farm |
| 26:30 | Queue | Tarkan |
| 26:57 | Queue | Villager (Male) |
| 27:10 | Queue | Scout Cavalry |
| 27:11 | Queue | Villager (Male) |
| 27:17 | Build | Mill |
| 27:22 | Queue | Battering Ram |
| 27:46 | Queue | Tarkan |
| 27:47 | Queue | Villager (Male) |
| 27:48 | Queue | Villager (Male) |
| 27:51 | Queue | Battering Ram |
| 28:15 | Queue | Villager (Male) |
| 28:15 | Queue | Villager (Male) |
| 28:24 | Build | Town Center |
| 28:26 | Queue | Villager (Male) |
| 28:26 | Queue | Villager (Male) |
| 28:27 | Build | Farm |
| 28:32 | Queue | Tarkan |
| 28:51 | Queue | Villager (Male) |
| 28:51 | Queue | Villager (Male) |
| 29:26 | Queue | Tarkan |
| 29:27 | Queue | Tarkan |
| 29:35 | Queue | Villager (Male) |
| 29:36 | Queue | Villager (Male) |
| 29:41 | Queue | Villager (Male) |
| 29:41 | Queue | Villager (Male) |
| 29:45 | Build | Farm |
Match timeline
| 0:17 | CaptainMorgan · first_building Dock |
| 10:03 | Saga · first_building Barracks |
| 11:19 | CaptainMorgan · wall_segment Palisade Wall x1 |
| 11:28 | Saga · age_up feudal |
| 11:31 | Saga · first_building Stable |
| 11:53 | CaptainMorgan · wall_segment Palisade Wall x1 |
| 11:56 | CaptainMorgan · wall_segment Palisade Wall x1 |
| 12:19 | CaptainMorgan · wall_segment Palisade Wall x1 |
| 12:30 | CaptainMorgan · wall_segment Palisade Wall x1 |
| 12:46 | CaptainMorgan · first_building Barracks |
| 13:18 | Saga · wall_segment Palisade Wall x1 |
| 13:20 | Saga · wall_segment Palisade Wall x1 |
| 13:22 | Saga · wall_segment Palisade Wall x1 |
| 13:28 | Saga · wall_segment Palisade Wall x1 |
| 13:41 | Saga · wall_segment Palisade Wall x1 |
| 13:43 | Saga · wall_segment Palisade Wall x1 |
| 13:58 | CaptainMorgan · age_up feudal |
| 14:04 | CaptainMorgan · first_building Archery Range |
| 14:28 | CaptainMorgan · wall_segment Palisade Wall x1 |
| 14:53 | Saga · wall_segment Palisade Wall x1 |
| 16:54 | CaptainMorgan · wall_segment Palisade Wall x1 |
| 16:56 | CaptainMorgan · wall_segment Palisade Wall x1 |
| 17:08 | CaptainMorgan · wall_segment Palisade Wall x1 |
| 17:44 | CaptainMorgan · wall_segment Palisade Wall x1 |
| 17:45 | CaptainMorgan · wall_segment Palisade Wall x1 |
| 18:32 | Saga · wall_segment Palisade Wall x1 |
| 18:36 | Saga · wall_segment Palisade Wall x1 |
| 18:40 | Saga · wall_segment Palisade Wall x1 |
| 19:02 | Saga · wall_segment Palisade Wall x1 |
| 19:04 | Saga · wall_segment Palisade Wall x1 |
| 19:50 | CaptainMorgan · age_up castle |
| 19:55 | Saga · wall_segment Palisade Wall x1 |
| 19:57 | Saga · wall_segment Palisade Wall x1 |
| 20:02 | Saga · wall_segment Palisade Wall x1 |
| 20:06 | Saga · wall_segment Palisade Wall x1 |
| 21:46 | CaptainMorgan · wall_segment Palisade Wall x1 |
| 22:26 | CaptainMorgan · first_building Monastery |
| 22:55 | Saga · wall_segment Stone Wall x1 |
| 23:00 | Saga · wall_segment Stone Wall x1 |
| 23:04 | Saga · wall_segment Stone Wall x1 |
| 23:51 | CaptainMorgan · wall_segment Palisade Wall x1 |
| 24:59 | Saga · age_up castle |
| 25:07 | Saga · first_building Castle |
| 25:27 | Saga · first_market_buy 100 food |
| 25:39 | Saga · first_building Siege Workshop |
| 26:07 | CaptainMorgan · first_market_buy 100 stone |
| 26:17 | CaptainMorgan · first_building Castle |
| 26:29 | CaptainMorgan · wall_segment Palisade Wall x1 |
| 27:31 | CaptainMorgan · wall_segment Palisade Wall x1 |
| 27:32 | CaptainMorgan · wall_segment Palisade Wall x1 |
| 27:35 | CaptainMorgan · wall_segment Palisade Wall x1 |
| 27:55 | CaptainMorgan · wall_segment Palisade Wall x1 |
| 30:02 | Saga · first_market_sell 100 wood |
| 30:07 | CaptainMorgan · first_building Siege Workshop |
| 30:37 | CaptainMorgan · wall_segment Palisade Wall x1 |
| 30:39 | CaptainMorgan · wall_segment Palisade Wall x1 |
| 30:41 | CaptainMorgan · wall_segment Palisade Wall x1 |
| 30:43 | CaptainMorgan · wall_segment Palisade Wall x1 |
| 32:58 | CaptainMorgan · age_up imperial |
| 35:57 | Saga · first_building Archery Range |
| 40:42 | CaptainMorgan · first_market_sell 100 food |
| 41:23 | Saga · age_up imperial |
| 42:20 | CaptainMorgan · wall_segment Palisade Wall x2 |
| 49:24 | CaptainMorgan · resign |
[ AI ANALYSIS · 1 CREDIT ]
What really happened in this match?
Wolo.gg analyzes every decision: build order, eco, micro, common mistakes by bracket. Personalized analysis on WhatsApp or Discord in 30 seconds.
Civ guide
Maya
Perfil
Jugador #4850356